 Dungeon Crawl Stone Soup version 0.30-a0-782-ge64f9170bb (webtiles) character file.

Game seed: 1945592726065517277

233 browni3141 the Charlatan (level 5, -2/40 HPs)
             Began as a Demonspawn Artificer on Feb 19, 2023.
             Killed themself with a badly aimed iceblast (13 damage)
             ... on level 4 of the Dungeon.
             The game lasted 00:08:11 (3450 turns).

browni3141 the Charlatan (Demonspawn Artificer)     Turns: 3450, Time: 00:08:12

Health: -2/40      AC:  3    Str: 15    XL:     5   Next: 75%
Magic:  0/5        EV: 12    Int: 12    God:
Gold:   240        SH:  0    Dex: 19    Spells: 4/4 levels left

rFire   . . .      SeeInvis .    a - +0 club
rCold   . . .      Faith    .    (no shield)
rNeg    . . .      Spirit   +    b - +0 leather armour
rPois   .          Reflect  .    (helmet restricted)
rElec   .          Harm     .    (no cloak)
rCorr   +          Rampage  .    (no gloves)
Will    .....                    (no boots)
Stlth   ++                       A - amulet of magic regeneration
HPRegen 0.26/turn                z - +6 ring of dexterity
MPRegen 0.58/turn                n - ring of resist corrosion

@: no status effects
A: horns 1, magic shield, magic regeneration
a: no special abilities


You were on level 4 of the Dungeon.
You visited 1 branch of the dungeon, and saw 4 of its levels.

You collected 240 gold pieces.

Inventory:

Hand Weapons
 a - a +0 club (weapon)
Missiles
 r - 3 poisoned darts
Armour
 b - a +0 leather armour (worn)
 h - a +0 tower shield
 u - the +2 hat "Denov" {rC++ Dex+6 Slay-6}
   (You found it on level 3 of the Dungeon)

   Dex:       It affects your dexterity (+6).
   Slay:      It affects your accuracy & damage with ranged weapons and melee
   (-6).
   rC:        It greatly protects you from cold.
 x - a +0 pair of gloves
Jewellery
 f - a ring of flight
 n - a ring of resist corrosion (right hand)
 t - a ring of protection from cold
 z - a +6 ring of dexterity (left hand)
 A - an amulet of magic regeneration (around neck)
Wands
 d - a wand of charming (10)
 e - a wand of iceblast (3)
Scrolls
 c - a scroll of noise {unknown}
 g - 2 scrolls of immolation {unknown}
 j - 6 scrolls of identify {unknown}
 l - a scroll of silence {unknown}
 m - 3 scrolls of teleportation {unknown}
 q - a scroll of vulnerability {unknown}
 w - a scroll of enchant weapon {unknown}
 y - a scroll of blinking {unknown}
Potions
 i - 3 potions of mutation {unknown}
 k - a potion of heal wounds {unknown}
 o - 4 potions of curing {unknown}
 p - a potion of haste
 s - 2 potions of degeneration {unknown}
 v - a potion of invisibility {unknown}


   Skills:
 + Level 2.8 Fighting
 - Level 2.0 Throwing
 - Level 1.7 Armour
 + Level 2.6 Dodging
 - Level 2.0 Stealth
 - Level 4.0 Evocations


You had 4 spell levels left.
You didn't know any spells.
Your spell library contained the following spells:

 Spells                   Type           Power      Damage    Failure   Level
 Foxfire                  Conj/Fire      0%         2x1d4     38%         1
 Ignite Poison            Fire/Tmut/Pois 0%         N/A       77%         3
 Sticky Flame             Conj/Fire      0%         2d3       99%         4
 Fireball                 Conj/Fire      0%         3d3       100%        5
 Starburst                Conj/Fire      0%         6d3       100%        6
 Malign Gateway           Summ/Tloc      0%         N/A       100%        7
 Ignition                 Fire           0%         3d3       100%        8
 Summon Horrible Things   Summ           0%         N/A       100%        8


Dungeon Overview and Level Annotations

Branches:
Dungeon (4/15)
 Temple: D:4-7

Altars:
Fedhas

Shops:
D:1 [:(


Innate Abilities, Weirdness & Mutations

You have a pair of small horns on your head.
When hurt, damage is shared between your health and your magic reserves.
You regenerate magic rapidly.


Message History

You hit the orc wizard but do no damage.
The orc wizard is severely wounded.
The orc wizard hits you with a +0 dagger.
The orc closely misses you.
You hit the orc wizard but do no damage.
The orc wizard is severely wounded.
The orc wizard hits you with a +0 dagger.
The orc hits you but does no damage. The orc hits you with a +0 short sword.
The orc wizard gestures at you while chanting.
You are confused.
You miss the orc.
The orc is lightly wounded.
The orc wizard closely misses you. The orc hits you with a +0 short sword.
You miss the orc wizard. You headbutt the orc wizard.
The orc wizard is almost dead.
The orc wizard mumbles some strange words.
The orc wizard flickers and vanishes!
Deactivating autopickup; reactivate with Ctrl-A.
The orc hits you with a +0 short sword.
You barely miss the orc. Your headbutt misses the orc.
The orc is lightly wounded.
Something hits you. The orc closely misses you.
You hear some strange, mumbled words.
A puff of flame appears from out of thin air!
The puff of flame hits you!
* * * LOW HITPOINT WARNING * * *
The orc hits you but does no damage. The orc attacks as you move away!
The orc hits you with a +0 short sword.
* * * LOW HITPOINT WARNING * * *
You bump into the rock wall.
You feel less confused. Something hits you. The orc barely misses you.
The orc closely misses you. The orc attacks as you move away!
The orc closely misses you.
Aiming: Iceblast
Press: ? - help, Shift-Dir - straight line The mass of ice explodes!
The iceblast engulfs something!
Reactivating autopickup.
You feel a bit more experienced. The iceblast engulfs you!
You die...

####### ##.....##### ######
####..........#
######.....####............##
............................#
##......<.. ####............#
###....#### #@...>.......#
#....## #o).........##
##....# #...........# #....##
##..#.......## ##....###
##...)##....##
##......###...#.w####.#
#.......##...##..## ###
#.......#...####..##
#..........## #...#


You could see a dart slug and an orc.

Vanquished Creatures
  2 orc priests
  2 orc wizards
  2 gnolls (D:4)
  2 adders
  2 worms
  A dart slug (D:2)
  12 orcs
  4 ball pythons
  8 endoplasms
  3 giant cockroaches
  5 goblins
  11 hobgoblins
  8 jackals
  2 quokkas
  A bat (D:1)
  6 frilled lizards
  7 kobolds
  5 rats
83 creatures vanquished.

Vanquished Creatures (collateral kills)
  A gnoll (D:4)
  A worm (D:3)
  2 orcs (D:3)
  A hobgoblin (D:3)
5 creatures vanquished.

Grand Total: 88 creatures vanquished

Notes
Turn   | Place    | Note
-------+----------+-------------------------------------------
     0 | D:1      | browni3141 the Demonspawn Artificer began the quest for the
                  | Orb.
     0 | D:1      | Reached XP level 1. HP: 15/15 MP: 1/1
    54 | D:1      | Reached skill level 1 in Dodging
    54 | D:1      | Reached skill level 1 in Stealth
   136 | D:1      | Found Kad Nuce's Book Shoppe.
   161 | D:1      | Discovered your monstrous ancestry.
   161 | D:1      | Gained mutation: You have a pair of small horns on your
                  | head. [demonic ancestry]
   161 | D:1      | Reached XP level 2. HP: 21/21 MP: 2/2
   251 | D:1      | Found Dufeos's Antique Armour Emporium.
   492 | D:1      | Found Tysiadgh's Weapon Emporium.
  1242 | D:2      | Gained mutation: You regenerate magic rapidly. [demonic
                  | ancestry]
  1242 | D:2      | Reached XP level 3. HP: 23/27 MP: 3/3
  1717 | D:3      | Reached XP level 4. HP: 28/33 MP: 4/4
  1917 | D:3      | Identified the +2 hat "Denov" {rC++ Dex+6 Slay-6}
  1942 | D:3      | Reached skill level 1 in Throwing
  2593 | D:3      | Gained mutation: When hurt, damage is shared between your
                  | health and your magic reserves. [demonic ancestry]
  2593 | D:3      | Reached XP level 5. HP: 31/38 MP: 5/5
  2961 | D:4      | Found a blossoming altar of Fedhas.
  3159 | D:4      | Reached skill level 4 in Evocations
  3450 | D:4      | Killed themself with a badly aimed iceblast

Illustrated notes

Levels and vault maps discovered:
D:1:      scummos_arrival_star, layout_basic, serial_shops, shop, shop, shop
D:2:      layout_basic, minmay_misc_feat_secret_circle
D:3:      layout_loops_cross, grunt_decor_arrowhead, hangedman_decor_peaks_small
D:4:      minmay_spotlight, layout_cave_pods, mainiacjoe_overflow_24_doors

Skill      XL: |  1  2  3  4  5 |
---------------+----------------+-----
Dodging        | 1 2 |  2.6
Stealth        | 1 2 |  2.0
Fighting       | 2 |  2.8
Throwing       | 1 2 |  2.0
Evocations     | 4 |  4.0
Armour         | |  1.7

Action                     |  1- 3 |  4- 6 || total
---------------------------+-------+-------++-------
  Melee: Club              |   144 |   165 ||   309
         Headbutt          |    14 |    40 ||    54
         Punch             |     4 |       ||     4
         Unarmed           |       |     3 ||     3
  Evoke: Wand              |    11 |    11 ||    22
   Stab: Sleeping          |     2 |       ||     2
         Distracted        |       |     1 ||     1
 Armour: Leather armour    |    44 |    35 ||    79
  Dodge: Dodged            |    98 |   149 ||   247

Table legend: (Time is in decaauts)
 A = Elapsed time spent in this place.
 B = Non-inter-level travel time spent in this place.
 C = Inter-level travel time spent in this place.
 D = Time resting spent in this place.
 E = Time spent auto-exploring this place.
 F = Levels seen in this place.
 G = Mean time per level.
                   A        B        C        D        E       F      G
               +--------+--------+--------+--------+--------+-----+--------+
         Total |   3539 |   3472 |     67 |    209 |   2382 |   4 |  884.8 |
       Dungeon |   3539 |   3472 |     67 |    209 |   2382 |   4 |  884.8 |
               +--------+--------+--------+--------+--------+-----+--------+

Top non-repeatable levels by time:
     D:2: 1106 daAuts
     D:3: 925 daAuts
     D:1: 754 daAuts
     D:4: 753 daAuts
